 Dungeon Crawl Stone Soup version 0.20.1-1-g8b1a95d (webtiles) character file.

8631 fili the Fighter (level 11, -17/107 HPs)
             Began as a Minotaur Berserker on July 4, 2017.
             Was an Elder of Trog.
             Killed from afar by Erolcha (25 damage)
             ... with a fireball
             ... on level 9 of the Dungeon on July 5, 2017.
             The game lasted 00:41:01 (8183 turns).

fili the Fighter (Minotaur Berserker)               Turns: 8183, Time: 00:41:02

Health: -17/107    AC: 12    Str: 25    XL:     11   Next: 12%
Magic:  0/10       EV:  6    Int: 12    God:    Trog [****..]
Gold:   609        SH:  3    Dex: 10    Spells: 10/10 levels left

rFire    . . .     SeeInvis .   Q - +2 war axe (flame)
rCold    . . .     Gourm    .   b - +0 buckler
rNeg     . . .     Faith    .   x - +0 plate armour
rPois    .         Spirit   +   (helmet restricted)
rElec    .         Reflect  .   H - +0 cloak
rCorr    .         Harm     .   (no gloves)
MR       .....                  (no boots)
Stlth    ..........             V - amulet of guardian spirit
Regen    0.3/turn               f - +6 ring of intelligence
MPRegen  0.2/turn               W - +2 ring of intelligence

@: berserk cooldown, starving, slowed, very slow
A: retaliatory headbutt, horns 2
a: Berserk, Trog's Hand, Brothers in Arms, Burn Spellbooks, Renounce Religion


You were on level 9 of the Dungeon.
You worshipped Trog.
Trog was greatly pleased with you.
You were starving.

You visited 1 branch of the dungeon, and saw 12 of its levels.

You collected 609 gold pieces.

Inventory:

Hand Weapons
 M - a +1 whip of flaming
 Q - a +2 war axe of flaming (weapon)
Missiles
 p - 4 javelins (quivered)
 N - 8 silver javelins
Armour
 b - a +0 buckler (worn)
 x - a +0 plate armour (worn)
 H - a +0 cloak (worn)
Jewellery
 f - a +6 ring of intelligence (left hand)
 V - an amulet of guardian spirit (around neck)
 W - a +2 ring of intelligence (right hand)
Wands
 a - a wand of confusion (40/48)
 s - a wand of digging (13/24)
 C - a wand of digging (12/24)
 L - a wand of disintegration (13/24)
 O - a wand of enslavement (16/24)
 P - a wand of enslavement (9/24)
 U - a wand of paralysis (6/24)
Scrolls
 h - a scroll of amnesia
 j - 5 scrolls of teleportation
 l - a scroll of fog
 m - 2 scrolls of remove curse
 n - a scroll of blinking
 r - 2 scrolls of enchant weapon {unknown}
 u - a scroll of recharging {unknown}
 w - 3 scrolls of noise {unknown}
 A - a scroll of fear {unknown}
 F - a scroll of immolation {unknown}
 G - a scroll of silence {unknown}
 I - a scroll of enchant armour {unknown}
 K - a scroll of magic mapping {unknown}
 R - a scroll of torment {unknown}
 Z - a scroll of identify
Potions
 e - 4 potions of lignification
 g - a potion of haste {unknown}
 k - 2 potions of flight
 o - a potion of resistance
 q - 5 potions of cancellation
 v - 3 potions of heal wounds
 z - a potion of magic
 B - 3 potions of curing
 D - a potion of brilliance
 E - 2 potions of might {unknown}
 J - 3 potions of agility {unknown}
Books
 y - a book of Geomancy

   Spells                             Type                      Level
   a - Sandblast                      Earth                        1
   b - Passwall                       Transmutation/Earth          2
   c - Stone Arrow                    Conjuration/Earth            3
   d - Petrify                        Transmutation/Earth          4
   e - Lee's Rapid Deconstruction     Earth                        5
   Trog disapproves of the use of such an item.
 T - a book of Misfortune

   Spells                             Type                      Level
   a - Confusing Touch                Hexes                        1
   b - Confuse                        Hexes                        3
   c - Gell's Gravitas                Translocation                3
   d - Petrify                        Transmutation/Earth          4
   e - Metabolic Englaciation         Hexes/Ice                    5
   f - Yara's Violent Unravelling     Hexes/Transmutation          5
   Trog disapproves of the use of such an item.
Comestibles
 c - 13 bread rations
 d - 8 meat rations
 i - 6 royal jellies
 X - 7 fruits


   Skills:
 * Level 13.6 Fighting
 * Level 13.5 Axes
 + Level 6.2 Throwing
 - Level 2.4 Armour
 - Level 2.1 Dodging


You had 10 spell levels left.
You didn't know any spells.

Dungeon Overview and Level Annotations

Branches:
Dungeon (12/15)            Temple (0/1) D:6             Orc (0/2) D:11
   Lair: D:8-11

Altars:
Elyvilon
Gozag
Kikubaaqudgha
Makhleb
Vehumet

Annotations:
D:8 exclusion: statue
D:9 Erolcha


Innate Abilities, Weirdness & Mutations

You reflexively headbutt those who attack you in melee.
You have a pair of horns on your head.


Message History

You feel yourself slow down. Erolcha casts a spell at you.
You suddenly lose the ability to move!
You are starving!
Erolcha mumbles some strange words.
Erolcha blinks!
Erolcha gestures at you while chanting. The orb of energy hits you!
* * * LOW HITPOINT WARNING * * *
Erolcha hits you with a giant spiked club!
* * * LOW HITPOINT WARNING * * *
Erolcha points at you and mumbles some strange words.
The orb of energy hits you!
* * * LOW HITPOINT WARNING * * *
The orb of energy explodes!
You can move again.
You're too hungry.
Erolcha gestures at you while chanting.
The fireball explodes!
The fireball engulfs you!
You die...

........)......... #.
.................. #.
.................. #)
#######.)........# #.
#..........# #####.
#..........# #.##..
#O.........###.#...
#######...........##.#...
#.......@........[##(#...
#....)............((.....
#........####....)[#.#..)
#..[.....# #.#.#........
#........####.#......#.#.
#......................#.
#.......###.........####.
#.......# #.#.####.......
######### #.#.# ##.###..


You could see Erolcha.

Vanquished Creatures
  3 two-headed ogres
  The ghost of Inarius the Dealer of Despair, a novice DsNe of Kikubaaqudgha (D:9)
  Pikel (D:5)
  Grinder (D:3)
  A hippogriff (D:7)
  Sigmund (D:3)
  A spriggan (D:8)
  A yak (D:12)
  3 wargs (D:11)
  A hornet zombie (D:8)
  A water moccasin (D:6)
  3 sky beasts
  3 slaves (D:5)
  An ice beast (D:6)
  2 orc warriors
  3 black bears
  4 ogres
  A necrophage (D:6)
  A crocodile (D:10)
  5 centaurs
  A big kobold (D:9)
  5 bullfrogs
  A gnoll sergeant (D:6)
  2 scorpions
  4 wights (D:9)
  4 howler monkeys
  6 crimson imps
  A bullfrog skeleton (D:7)
  3 orc priests
  17 orc wizards
  Crazy Yiuf (D:3)
  A centaur skeleton (D:11)
  7 hounds
  A gnoll shaman (D:4)
  8 worker ants
  An iguana (D:10)
  A killer bee zombie (D:6)
  2 hound skeletons
  A howler monkey zombie (D:9)
  7 gnolls
  8 adders
  A howler monkey skeleton (D:7)
  4 shadow imps
  An ooze (D:3)
  2 worms (D:2)
  8 leopard geckos
  37 orcs
  7 giant cockroaches
  9 goblins
  9 hobgoblins
  12 jackals
  10 kobolds
  A ball python (D:1)
  6 bats
  7 frilled lizards
  A leopard gecko skeleton (D:4)
  A quokka skeleton (D:4)
  3 rats
239 creatures vanquished.

Vanquished Creatures (others)
  2 fungi (D:10)
2 creatures vanquished.

Grand Total: 241 creatures vanquished

Notes
Turn   | Place    | Note
-------+----------+-------------------------------------------
     0 | D:1      | fili the Minotaur Berserker began the quest for the Orb.
     0 | D:1      | Reached XP level 1. HP: 19/19 MP: 0/0
   121 | D:1      | Reached XP level 2. HP: 17/27 MP: 1/1
   854 | D:1      | Reached XP level 3. HP: 25/34 MP: 2/2
  1213 | D:2      | Reached ** piety under Trog
  1213 | D:2      | Reached skill level 5 in Axes
  1213 | D:2      | Reached XP level 4. HP: 39/41 MP: 3/3
  1294 | D:2      | Found an opulent altar of Gozag.
  1575 | D:2      | Found a white marble altar of Elyvilon.
  1575 | D:2      | Found an ancient bone altar of Kikubaaqudgha.
  1664 | D:3      | Reached skill level 5 in Fighting
  1724 | D:3      | Reached XP level 5. HP: 42/48 MP: 4/4
  1924 | D:3      | Noticed Grinder
  1931 | D:3      | Paralysed by Grinder for 7 turns
  1944 | D:3      | Killed Grinder
  1944 | D:3      | Reached XP level 6. HP: 12/58 MP: 5/5
  2433 | D:3      | Found a runed door.
  2824 | D:3      | Noticed Sigmund
  2834 | D:3      | Killed Sigmund
  2834 | D:3      | Reached XP level 7. HP: 67/67 MP: 6/6
  2972 | D:3      | Noticed Crazy Yiuf
  2982 | D:3      | Killed Crazy Yiuf
  3228 | D:4      | Reached *** piety under Trog
  3657 | D:4      | Reached XP level 8. HP: 75/75 MP: 7/7
  3771 | D:5      | Entered Level 5 of the Dungeon
  4183 | D:5      | Noticed Pikel
  4209 | D:5      | Killed Pikel
  4524 | D:6      | Reached skill level 10 in Axes
  4528 | D:6      | Reached skill level 10 in Fighting
  4583 | D:6      | Received a gift from Trog
  4636 | D:6      | Reached XP level 9. HP: 83/85 MP: 8/8
  4853 | D:6      | Found a staircase to the Ecumenical Temple.
  4939 | D:6      | Found a white marble altar of Elyvilon.
  5738 | D:7      | Reached **** piety under Trog
  6150 | D:8      | Noticed a two-headed ogre
  6163 | D:8      | Killed a two-headed ogre
  6163 | D:8      | Reached XP level 10. HP: 72/97 MP: 9/9
  6447 | D:8      | Found a radiant altar of Vehumet.
  6959 | D:8      | Reached skill level 5 in Throwing
  6977 | D:8      | Found a burning altar of Makhleb.
  7342 | D:9      | You fall through a shaft for 3 floors!
  7368 | D:12     | Noticed a gargoyle
  7616 | D:11     | Found a staircase to the Orcish Mines.
  7766 | D:10     | Entered Level 10 of the Dungeon
  7804 | D:10     | Noticed a two-headed ogre
  7811 | D:10     | Killed a two-headed ogre
  8146 | D:9      | Noticed Inarius's ghost (novice DsNe)
  8151 | D:9      | Noticed Erolcha
  8152 | D:9      | Noticed a two-headed ogre
  8170 | D:9      | Killed Inarius's ghost
  8170 | D:9      | Reached XP level 11. HP: 52/107 MP: 5/10
  8170 | D:9      | Killed a two-headed ogre
  8176 | D:9      | Paralysed by Erolcha for 7 turns
  8183 | D:9      | Killed from afar by Erolcha

Skill      XL: |  1  2  3  4  5  6  7  8  9 10 |
---------------+-------------------------------+-----
Axes           | 4 5 6 7 8 10 11 13 | 13.5
Fighting       | 4 5 6 7 8 10 11 13 | 13.6
Throwing       | 2 4 6 |  6.2
Armour         | |  2.4
Dodging        | |  2.1

Action                   |  1- 3 |  4- 6 |  7- 9 | 10-12 || total
-------------------------+-------+-------+-------+-------++-------
Melee: Hand axe          |    76 |   139 |   180 |       ||   395
       Headbutt          |     7 |    24 |    46 |    28 ||   105
       War axe           |       |       |    93 |   166 ||   259
Throw: Javelin           |     1 |       |    13 |     7 ||    21
Invok: Trog's Hand       |       |     3 |     5 |     4 ||    12
       Berserk           |       |     2 |     4 |     2 ||     8
       Brothers in Arms  |       |       |       |     2 ||     2
  Use: Scroll            |       |       |    11 |     2 ||    13
       Potion            |       |       |     1 |       ||     1
 Stab: Sleeping          |     1 |       |       |       ||     1
  Eat: Chunk             |     1 |     7 |    16 |    10 ||    34
Armor: Animal skin       |    13 |     7 |       |       ||    20
       Plate armour      |       |    63 |   145 |    80 ||   288
Dodge: Dodged            |    51 |    43 |    79 |    43 ||   216
Block: Buckler           |       |    12 |    30 |    19 ||    61
